 Dungeon Crawl Stone Soup version 0.31-a0-692-gf03d1854d5 (webtiles) character file.

Game seed: 12708339985104134796

67 Ijustatesigmund the Grasshopper (level 3, -1/19 HPs)
             Began as a Spriggan Warper on Sept 7, 2023.
             Succumbed to a gnoll's poison
             ... on level 1 of the Dungeon.
             The game lasted 00:04:07 (1558 turns).

Ijustatesigmund the Grasshopper (Spriggan Warper)   Turns: 1558, Time: 00:04:07

Health: -1/19      AC:  2    Str:  9    XL:     3   Next: 98%
Magic:  8/8        EV: 17    Int: 20    God:
Gold:   99         SH:  0    Dex: 14    Spells: 5/7 levels left

rFire   . . .        a - +0 short sword
rCold   . . .        (no shield)
rNeg    . . .        b - +0 robe
rPois   .            (helmet restricted)
rElec   .            (no cloak)
rCorr   .            (gloves unavailable)
SInv    +            (boots unavailable)
Will    .....        (no amulet)
Stlth   ++           h - +6 ring of intelligence
HPRegen 0.23/turn    (no ring)
MPRegen 0.11/turn

%: no passive effects
@: lethally poisoned (-1 -> -29), very quick
A: very small, no large weapons, unfitting armour, see invisible, speed 3
a: no special abilities


You were on level 1 of the Dungeon.
You visited 1 branch of the dungeon, and saw 3 of its levels.

You collected 99 gold pieces.

Inventory:

Hand Weapons
 a - a +0 short sword (weapon)
Missiles
 d - 7 darts of dispersal (quivered)
 l - a throwing net
Armour
 b - a +0 robe (worn)
Jewellery
 h - a +6 ring of intelligence (left hand)
Scrolls
 c - a scroll of blinking
 e - a scroll of teleportation {unknown}
 f - a scroll of identify {unknown}
 g - a scroll of revelation {unknown}
 i - a scroll of noise {unknown}
Potions
 j - a potion of ambrosia {unknown}
 k - a potion of berserk rage {unknown}


   Skills:
 + Level 2.4 Fighting
 + Level 3.2 Short Blades
 - Level 1.0 Throwing
 - Level 3.2 Dodging
 + Level 3.0 Stealth
 - Level 2.6 Spellcasting
 - Level 4.4 Translocations


You had 5 spell levels left.
You knew the following spells:

 Your Spells              Type           Power      Damage    Failure   Level
a - Blink                 Tloc           40%        N/A       3%          2

Your spell library contained the following spells:

 Spells                   Type           Power      Damage    Failure   Level
 Lesser Beckoning         Tloc           40%        N/A       3%          2
 Teleport Other           Tloc           20%        N/A       8%          3
 Foxfire                  Conj/Fire      8%         2x1d4     14%         1
 Manifold Assault         Tloc           20%        N/A       24%         4
 Vhi's Electric Charge    Tloc/Air       22%        N/A       52%         4
 Malign Gateway           Summ/Tloc      5%         N/A       100%        7
 Summon Horrible Things   Summ           1%         N/A       100%        8


Dungeon Overview and Level Annotations

Branches:
Dungeon (3/15)

Altars:

Annotations:
D:3 Jessica, Robin


Innate Abilities, Weirdness & Mutations

You are very small and have problems with some larger weapons.
You are too small for most types of armour.
You have supernaturally acute eyesight. (SInv)
You cover ground extremely quickly. (Speed+++)


Message History

The hobgoblin closely misses you.
You hit the hobgoblin.
The hobgoblin is severely wounded.
The hobgoblin misses you.
You hit the hobgoblin.
You kill the hobgoblin!
Things that are here:
a +0 whip; a gnoll corpse; a ball python corpse
There is a stone staircase leading up here.
You climb upwards.
There is a stone staircase leading down here.
There is a stone staircase leading up here.
You can't go up here!
There is a stone staircase leading up here.
You climb upwards.
There is a stone staircase leading down here.
You start resting.
HP restored.
You start waiting.
Done waiting.
You climb downwards.
There is a stone staircase leading up here.
There is a stone staircase leading up here.
The gnoll completely misses you.
You climb upwards.
There is a stone staircase leading down here.
You hit the gnoll.
The gnoll is lightly wounded.
The gnoll hits you with a +0 spear of venom.
You are poisoned.
You hit the gnoll but do no damage.
The gnoll is lightly wounded.
You feel very sick.
The gnoll hits you with a +0 spear of venom.
You are more poisoned.
You feel very sick.
The gnoll hits you from afar with a +0 spear of venom.
* * * LOW HITPOINT WARNING * * *
You are more poisoned.
You die...

#.# #...........†.....#.........
#†# ##..###[##.######.#.##....#.
#.# ##.##.#.#.# #.#.##....## #.#
#...###..# #.#......... #.# ##.##
##.### #.#.##.[..## #.#
##.###....####...##....##
#.########.#.#..................
#.......###.##...####.##.#......
##.####.# #.g>.@......##........
##...###.# #.###.#########.......
#......÷.###.###.#...........#.##
##...###...[.....#.#########...##
##.## #.###.###.#.# #.#... #.#
#.# #.# #.#.# #######.#### #.#
#.# #.###.#.###......#.... #.#
#.# #..##.#.....#####.#### #.#
######'...#.##### #.# #


You could see a gnoll.

Vanquished Creatures
  An adder (D:2)
  A gnoll (D:3)
  A worm (D:2)
  A dart slug (D:2)
  An orc (D:3)
  3 endoplasms (D:1)
  2 giant cockroaches (D:1)
  5 goblins
  5 hobgoblins
  6 ball pythons
  3 bats
  3 frilled lizards
  2 kobolds
  7 rats (D:1)
41 creatures vanquished.

Notes
Turn   | Place    | Note
-------+----------+-------------------------------------------
     0 | D:1      | Ijustatesigmund the Spriggan Warper began the quest for the
                  | Orb.
     0 | D:1      | Reached XP level 1. HP: 10/10 MP: 5/5
    66 | D:1      | Reached skill level 1 in Stealth
   210 | D:1      | Found a faded altar of an unknown god.
   222 | D:1      | Got Plato's Guide on the Blaze
   235 | D:1      | Reached XP level 2. HP: 15/15 MP: 6/6
   251 | D:1      | Learned a level 2 spell: Blink
   886 | D:2      | Reached XP level 3. HP: 17/18 MP: 8/8
  1351 | D:3      | Noticed Robin
  1357 | D:3      | Noticed Jessica
  1558 | D:1      | Succumbed to a gnoll's poison

Illustrated notes

Levels and vault maps discovered:
D:1:      wander_arrival_chamber, layout_loops_ring,
          shapermc_ecumenical_altar_rom_forum,
          hangedman_abyss_or_decor_lesser_grid, chequers_serial_rivers_room_a,
          palyth_stone_intersect
D:2:      layout_basic, serial_shops, nicolae_shop_back_alley_shop, shop,
          minmay_misc_feat_pillars
D:3:      layout_rooms, uniq_robin, uniq_jessica, uniq_crazy_yiuf_cottage

Skill      XL: |  1  2  3 |
---------------+----------+-----
Stealth        | 1 2 3 |  3.0
Fighting       | 2 |  2.4
Short Blades   | 3 |  3.2
Throwing       | |  1.0
Dodging        | |  3.2
Spellcasting   | |  2.6
Translocations | |  4.4

Action                     || total
---------------------------++-------
  Melee: Short sword       ||   165
         Punch             ||     2
   Stab: Sleeping          ||     2
 Armour: Robe              ||    48
  Dodge: Dodged            ||   118

Table legend: (Time is in decaauts)
 A = Elapsed time spent in this place.
 B = Non-inter-level travel time spent in this place.
 C = Inter-level travel time spent in this place.
 D = Time resting spent in this place.
 E = Time spent auto-exploring this place.
 F = Levels seen in this place.
 G = Mean time per level.
                   A        B        C        D        E       F      G
               +--------+--------+--------+--------+--------+-----+--------+
         Total |   1171 |   1153 |     18 |    345 |    481 |   3 |  390.3 |
       Dungeon |   1171 |   1153 |     18 |    345 |    481 |   3 |  390.3 |
               +--------+--------+--------+--------+--------+-----+--------+

Top non-repeatable levels by time:
     D:1: 707 daAuts
     D:3: 348 daAuts
     D:2: 115 daAuts
